 Dungeon Crawl Stone Soup version 0.25-a0-478-g33c61bd (webtiles) character file.

Game seed: 6243678389031344268, levelgen mode: deterministic

27 15 the Ruffian (level 2, -2/23 HPs)
             Began as a Draconian Transmuter on Feb 8, 2020.
             Slain by a goblin
             ... wielding a +3 dagger
             ... led by Robin
              (4 damage)
             ... on level 2 of the Dungeon.
             The game lasted 00:03:15 (637 turns).

15 the Ruffian (Draconian Transmuter)                Turns: 637, Time: 00:03:15

Health: -2/23      AC:  4    Str: 12    XL:     2   Next: 93%
Magic:  1/5        EV: 12    Int: 13    God:
Gold:   53         SH:  0    Dex: 11    Spells: 2/5 levels left

rFire    . . .     SeeInvis .     - Unarmed
rCold    . . .     Gourm    .   (no shield)
rNeg     . . .     Faith    .   (armour unavailable)
rPois    .         Spirit   .   (helmet restricted)
rElec    .         Reflect  .   f - scarf {repulsion}
rCorr    .         Harm     .   (no gloves)
MR       .....                  (no boots)
Stlth    +.........             (no amulet)
HPRegen  0.07/turn              (no ring)
MPRegen  0.09/turn              (no ring)

@: very slightly contaminated, repel missiles
A: unfitting armour, cold-blooded, AC +4
a: no special abilities


You were on level 2 of the Dungeon.
You were not hungry.

You visited 1 branch of the dungeon, and saw 2 of its levels.

You collected 53 gold pieces.

Inventory:

Missiles
 a - 64 arrows
Armour
 f - a scarf of repulsion (worn)
Jewellery
 g - an uncursed ring of ice
Scrolls
 e - a scroll of identify {unknown}
 i - a scroll of fear {unknown}
 k - 2 scrolls of enchant weapon {unknown}
 l - a scroll of amnesia {unknown}
Potions
 b - a potion of haste
Comestibles
 c - 2 rations
 d - 4 chunks of flesh


   Skills:
 + Level 1.1 Fighting
 + Level 2.0 Dodging
 + Level 3.8 Unarmed Combat
 + Level 2.1 Spellcasting
 + Level 2.0 Transmutations


You had 2 spell levels left.
You knew the following spells:

 Your Spells              Type           Power        Failure   Level  Hunger
a - Beastly Appendage     Tmut           #.....       11%         1    ##.....
b - Sticks to Snakes      Tmut           #.......     16%         2    ###....

Your spell library contained the following spells:

 Spells                   Type           Power        Failure   Level  Hunger
 Spider Form              Tmut/Pois      #.........   45%         3    ####...
 Ice Form                 Ice/Tmut       #.......     86%         4    #####..
 Blade Hands              Tmut           #.........   96%         5    ######.


Dungeon Overview and Level Annotations

Branches:
Dungeon (2/15)

Altars:

Annotations:
D:2 Robin


Innate Abilities, Weirdness & Mutations

Your plain brown scales are hard. (AC +4)
You cannot fit into any form of body armour.
You are cold-blooded and may be slowed by cold attacks.


Message History

Robin is too close now for your liking.
An adder comes into view.
The adder hisses angrily.
There is a stone staircase leading up here.
Casting: Sticks to Snakes (safe; 16% risk of failure)
Confirm with . or Enter, or press ? or * to list all spells.
You create a snake!
You now have 64 arrows.
Robin throws the goblin at you! The adder bites your adder.
Your adder is poisoned.
The adder poisons your adder!
Your adder misses the adder.
Your adder bites the adder.
The goblin hits you with a +3 dagger.
* * * LOW HITPOINT WARNING * * *
Unknown command.
You can't go down here!
Unknown command.
You can't go down here!
Your adder withers and dies!
The adder bites your adder.
Robin zaps a wand.
The puff of flame hits your adder. The goblin hits you with a +3 dagger.
You die...

#########
#####........
#.....#######
######.g÷..##
.......@.S..##
######...S.#.#
#.......####
#####.#....######.
#.#..#........
###....g.#####
.............#
.#####.#.###.#
#.#.# #(#


You could see Robin, an adder, a goblin and a friendly adder.

Vanquished Creatures
  2 worms
  3 goblins
  2 hobgoblins (D:1)
  2 jackals
  2 bats (D:1)
  2 kobolds (D:1)
13 creatures vanquished.

Vanquished Creatures (collateral kills)
  5 goblins (D:2)
  2 hobgoblins (D:2)
  A rat (D:2)
8 creatures vanquished.

Grand Total: 21 creatures vanquished

Notes
Turn   | Place    | Note
-------+----------+-------------------------------------------
     0 | D:1      | 15 the Draconian Transmuter began the quest for the Orb.
     0 | D:1      | Reached XP level 1. HP: 16/16 MP: 3/3
   516 | D:1      | Reached XP level 2. HP: 19/23 MP: 3/5
   591 | D:2      | Learned a level 2 spell: Sticks to Snakes
   606 | D:2      | Noticed Robin
   637 | D:2      | Slain by a goblin

Levels and vault maps discovered:
D:1:      dpeg_arrival_arbitrary_c, layout_rooms
D:2:      layout_loops_ring, nicolae_gozag_zags_fifth_avenue,
          chequers_ecumenical_altar_simple, elyvilon_altar_5, uniq_robin

Skill      XL: |  1  2 |
---------------+-------+-----
Dodging        | 2 |  2.0
Fighting       | |  1.1
Unarmed Combat | |  3.8
Spellcasting   | |  2.1
Transmutations | |  2.0

Action                   || total
-------------------------++-------
Melee: Unarmed           ||    74
       Tailslap          ||     7
       Kick              ||     2
       Headbutt          ||     4
 Cast: Beastly Appendage ||     6
       Sticks to Snakes  ||     2
  Use: Potion            ||     3
Armor: Skin              ||    17
Dodge: Dodged            ||    35
       Deflected         ||     4

Table legend:
 A = Non-vault XP
 B = Vault XP
 C = Vault XP percentage of total XP
 D = Non-vault monster count
 E = Vault monster count
 F = Vault count percentage of total count
                 A         B        C        D         E       F
            +---------+---------+-------+---------+---------+-------
      Total |      26 |      13 |  33.3 |      12 |       9 |  42.9
            +---------+---------+-------+---------+---------+-------
        D:1 |      18 |       0 |   0.0 |       9 |       0 |   0.0
        D:2 |       8 |      13 |  61.9 |       3 |       9 |  75.0
            +---------+---------+-------+---------+---------+-------
